 Dungeon Crawl Stone Soup version 0.28.0-53-g5a82cb258f (webtiles) character file.

Game seed: 15818452640333764205

499 jiml777 the Gusty (level 7, 0/38 HPs)
             Began as a Gargoyle Air Elementalist on June 13, 2022.
             Slain by a centaur (1 damage)
             ... on level 7 of the Dungeon on June 14, 2022.
             The game lasted 00:37:48 (6957 turns).

jiml777 the Gusty (Gargoyle Air Elementalist)       Turns: 6957, Time: 00:37:48

Health: 0/38       AC: 16    Str: 12      XL:     7   Next: 16%
Magic:  11/11      EV: 11    Int: 15 (17) God:
Gold:   105        SH:  0    Dex:  8 (10) Spells: 11/12 levels left

rFire   . . .      SeeInvis .   u - +2 glaive (protect)
rCold   . . .      Faith    .   (shield currently unavailable)
rNeg    + . .      Spirit   .   e - +0 leather armour
rPois   ∞          Reflect  .   (no helmet)
rElec   +          Harm     .   h - +0 cloak
rCorr   .          Rampage  .   (no gloves)
Will    .....                   (no boots)
Stlth   ++........              (no amulet)
HPRegen 0.12/turn               (no ring)
MPRegen 0.12/turn               (no ring)

@: under a protective aura
A: sickness immunity, AC +4, negative energy resistance 1, electricity
resistance, torment resistance 1, petrification resistance
a: no special abilities


You were on level 7 of the Dungeon.
You visited 1 branch of the dungeon, and saw 6 of its levels.

You collected 105 gold pieces.

Inventory:

Hand Weapons
 d - a +1 hunting sling of flaming
 f - a +0 short sword
 j - a +0 hunting sling
 p - a +0 whip
 u - a +2 glaive of protection (weapon)
Missiles
 g - 32 bolts
 m - 36 sling bullets
 o - 88 stones
 w - 7 poisoned darts
Armour
 a - a +0 robe
 e - a +0 leather armour (worn)
 h - a +0 cloak (worn)
 i - a +0 buckler
 x - +0 fire dragon scales
Jewellery
 c - a ring of fire
Wands
 y - a wand of flame (12)
Scrolls
 q - a scroll of identify
 r - a scroll of immolation
Potions
 b - a potion of cancellation


   Skills:
 + Level 1.1 Fighting
 + Level 0.4 Short Blades
 + Level 2.5 Polearms
 * Level 1.2 Armour
 - Level 2.4 Dodging
 - Level 3.1 Stealth
 + Level 3.1 Spellcasting
 + Level 3.2 Conjurations
 * Level 3.8 Air Magic


You had 11 spell levels left.
You knew the following spells:

 Your Spells              Type           Power      Damage    Failure   Level
a - Shock                 Conj/Air       48%        1d6       6%          1

Your spell library contained the following spells:

 Spells                   Type           Power      Damage    Failure   Level
 Static Discharge         Conj/Air       12%        N/A       9%          2
 Swiftness                Air            13%        N/A       16%         3
 Animate Skeleton         Necr           4%         N/A       26%         1
 Apportation              Tloc           4%         N/A       26%         1
 Freeze                   Ice            8%         1d3       26%         1
 Summon Small Mammal      Summ           8%         N/A       26%         1
 Airstrike                Air            6%         N/A       45%         4
 Frozen Ramparts          Ice            4%         1d2       58%         3
 Tukima's Dance           Hex            2%         N/A       58%         3
 Hailstorm                Conj/Ice       7%         3d4       78%         4
 Anguish                  Hex/Necr       1%         N/A       94%         4
 Animate Dead             Necr           1%         N/A       94%         4
 Olgreb's Toxic Radiance  Pois           2%         N/A       94%         4
 Enfeeble                 Hex            1%         N/A       100%        7
 Haunt                    Necr/Summ      1%         N/A       100%        7
 Ozocubu's Refrigeration  Ice            1%         4d5       100%        7
 Ignition                 Fire           1%         3d3       100%        8
 Infestation              Necr           1%         N/A       100%        8


Dungeon Overview and Level Annotations

Branches:
Dungeon (5/15)
 Temple: D:4-7

Altars:

Shops:
D:2 =[((   D:4 ?

Annotations:
D:4 Grinder


Innate Abilities, Weirdness & Mutations

You are immune to sickness and miasma.
Your stone body is resilient. (AC +4)
You are immune to poison.
You resist negative energy. (rN+)
You are resistant to electric shocks. (rElec)
You are resistant to unholy torment.
You are immune to petrification.


Message History

The centaur kicks you but does no damage.
The centaur barely misses you. x2
The centaur hits you but does no damage.
The centaur kicks you but does no damage.
The centaur misses you.
The centaur kicks you but does no damage.
The centaur barely misses you.
The centaur kicks you but does no damage.
You feel your intelligence returning.
Your Armour skill increases to level 1!
You hit the centaur.
The centaur is lightly wounded.
The centaur hits you but does no damage.
The centaur barely misses you. x2; The centaur misses you.
The centaur hits you.
* * * LOW HITPOINT WARNING * * *
The centaur barely misses you. x2
The centaur kicks you but does no damage.
You hit the centaur.
The centaur is lightly wounded.
The centaur hits you but does no damage.
The centaur misses you. The centaur hits you.
* * * LOW HITPOINT WARNING * * *
The centaur misses you. The centaur hits you.
* * * LOW HITPOINT WARNING * * *
The centaur kicks you but does no damage.
The centaur hits you but does no damage.
The centaur completely misses you.
The centaur hits you but does no damage.
The centaur barely misses you. x2
The centaur kicks you but does no damage.
Okay, then.
You slash the centaur!
The centaur is heavily wounded.
The centaur hits you but does no damage.
The centaur kicks you but does no damage.
The centaur hits you but does no damage.
The centaur kicks you.
* * * LOW HITPOINT WARNING * * *
The centaur hits you.
You die...

...[............#
................# #
...............# .#
.......!.......#
.?##
...............#
#....
...............##..#
.......cc........#
......c......#.c##
.............#@##
.#..........#c.#
##.....##..#.##
.#.... ..#..#
..........## ......
...# ...#


You could see 2 centaurs.

Vanquished Creatures
  A bullfrog (D:7)
  A water moccasin skeleton (D:4)
  A bullfrog skeleton (D:4)
  2 centaur skeletons
  2 orc wizards (D:4)
  8 adders
  6 gnolls (D:4)
  2 river rats (D:3)
  2 adder skeletons (D:4)
  2 worms (D:3)
  2 dart slugs
  8 orcs
  3 bats
  4 endoplasms
  4 giant cockroaches
  5 goblins
  7 hobgoblins
  5 quokkas
  10 ball pythons
  3 frilled lizards
  6 kobolds
  10 rats
94 creatures vanquished.

Vanquished Creatures (others)
  A plant (D:3)
1 creature vanquished.

Grand Total: 95 creatures vanquished

Notes
Turn   | Place    | Note
-------+----------+-------------------------------------------
     0 | D:1      | jiml777 the Gargoyle Air Elementalist began the quest for
                  | the Orb.
     0 | D:1      | Reached XP level 1. HP: 10/10 MP: 3/3
   380 | D:1      | Reached XP level 2. HP: 9/15 MP: 0/5
  1331 | D:1      | Reached XP level 3. HP: 19/19 MP: 3/6
  2019 | D:2      | Found Sapruita's Jewellery Shop.
  2127 | D:2      | Found Qanur's Antique Armour Emporium.
  2340 | D:2      | Found a faded altar of an unknown god.
  2482 | D:2      | Reached XP level 4. HP: 24/24 MP: 2/7
  2615 | D:2      | Found Yjinuheg's Antique Weapon Shop.
  2727 | D:2      | Found Poaxkirch's Antique Weapon Boutique.
  3957 | D:3      | Reached XP level 5. HP: 28/28 MP: 9/9
  4922 | D:4      | Reached skill level 1 in Polearms
  4922 | D:4      | Reached XP level 6. HP: 27/33 MP: 10/10
  5104 | D:4      | Found Qeemysh's Magic Scroll Boutique.
  5104 | D:4      | Noticed Grinder
  5526 | D:4      | Reached skill level 1 in Fighting
  6865 | D:4      | Paralysed by Grinder for 4 turns
  6898 | D:5      | Entered Level 5 of the Dungeon
  6920 | D:5      | Reached XP level 7. HP: 37/38 MP: 11/11
  6932 | D:5      | You fall into a shaft and drop 2 floors!
  6955 | D:7      | Reached skill level 1 in Armour
  6957 | D:7      | HP: 1/38 [centaur (1)]
  6957 | D:7      | Slain by a centaur

Illustrated notes

Levels and vault maps discovered:
D:1:      sevenhm_arrival_forest_fort_large_4, layout_loops_ring
D:2:      layout_basic, serial_shops, shop, shop, shop,
          nicolae_shop_behind_doors, hellmonk_ecumenical_altar_arch_garden,
          st_stairs_7
D:3:      layout_basic, portal_sewer_entry_e, corexii_shack
D:4:      layout_loops_corners, serial_shops, nicolae_shop_statue_plus,
          uniq_grinder
D:5:      layout_loops_ring, serial_shops, nicolae_inconvenience_store
D:7:      layout_cave_pods, minmay_temple_entry_from_below_a, serial_shops, shop

Skill      XL: |  1  2  3  4  5  6  7 |
---------------+----------------------+-----
Air Magic      | 3 |  3.8
Conjurations   | 2 3 |  3.2
Dodging        | 2 |  2.4
Stealth        | 3 |  3.1
Polearms       | 1 2 |  2.5
Spellcasting   | 3 |  3.1
Fighting       | 1 |  1.1
Armour         | 1 |  1.2
Short Blades   | |  0.4

Action                   |  1- 3 |  4- 6 |  7- 9 || total
-------------------------+-------+-------+-------++-------
Melee: Unarmed           |     8 |       |       ||     8
       Short sword       |       |    41 |       ||    41
       Glaive            |       |    97 |     8 ||   105
 Cast: Shock             |    74 |    72 |       ||   146
  Use: Potion            |       |     9 |       ||     9
       Scroll            |       |     4 |       ||     4
 Stab: Sleeping          |       |     2 |       ||     2
Armor: Robe              |    16 |   108 |       ||   124
       Skin              |       |    52 |       ||    52
       Leather armour    |       |     4 |    23 ||    27
Dodge: Dodged            |    27 |   161 |    23 ||   211
